 Dungeon Crawl Stone Soup version 0.29.0-5-ge4962eb29e (webtiles) character file.

Game seed: 16129314536018039191

337850 Flugkiller the Slayer (level 20, -21/223 HPs)
             Began as a Minotaur Fighter on Aug 29, 2022.
             Was the Champion of Okawaru.
             Killed from afar by an electric golem (51 damage)
             ... with a bolt of lightning
             ... on level 1 of the Realm of Zot.
             The game lasted 00:21:14 (33362 turns).

Flugkiller the Slayer (Minotaur Fighter)           Turns: 33362, Time: 00:21:14

Health: -21/223    AC: 45    Str: 23    XL:     20   Next: 63%
Magic:  21/27      EV: 13    Int: 11    God:    Okawaru [******]
Gold:   3497       SH: 18    Dex: 20    Spells: 19/19 levels left

rFire   + + +      SeeInvis +   O - +2 broad axe of Starshine {vamp, Dex+3}
rCold   + . .      Faith    .   J - +1 kite shield {rN+}
rNeg    + . .      Spirit   .   X - +7 gold dragon scales
rPois   +          Reflect  .   k - +0 mask of the Dragon {Will+ Slay+3 SInv}
rElec   .          Harm     .   H - +2 cloak {rF+}
rCorr   .          Rampage  .   R - +0 pair of gloves "Lothaff" {rF+ Int+6 Slay+2}
Will    +++..                   b - +0 pair of boots {Fly}
Stlth   ..........              u - amulet of regeneration
HPRegen 1.27/turn               p - +4 ring of protection
MPRegen 0.20/turn               m - ring of willpower

@: heroic, finesse-ful, flying, constricted
A: horns 2, retaliatory headbutt, hooves 1, deterioration 1, robust 1,
MP-powered wands
}: 3/15 runes: serpentine, barnacled, silver
a: Renounce Religion, Heroism, Finesse, Duel


You were on level 1 of the Realm of Zot.
You worshipped Okawaru.
Okawaru was exalted by your worship.
You visited 9 branches of the dungeon, and saw 41 of its levels.
You visited 1 bazaar.
You also visited: Ice Cave and Volcano.

You collected 5271 gold pieces.
You spent 1774 gold pieces at shops.

Inventory:

Hand Weapons
 y - a +3 broad axe of freezing
   (You found it on level 7 of the Dungeon)
 O - the +2 broad axe of Starshine (weapon) {vamp, Dex+3}
   (Okawaru gifted it to you on level 4 of the Snake Pit)

   It occasionally heals its wielder for a portion of the damage dealt when it
   wounds a living foe.
   Dex:       It affects your dexterity (+3).
 U - the +14 obsidian axe {vorpal, Mesm Drain Fly SInv}
   (You acquired it on level 2 of the Orcish Mines)

   It inflicts extra damage upon your enemies.
   It occasionally summons demons to assist the wielder when it strikes in
   combat.
   Its wielder is mesmerised by any visible foes.
   It cannot be unequipped while any foes are visible.
   SInv:      It lets you see invisible.
   Fly:       It grants you flight.
   Drain:     It drains your maximum health when unequipped.
Missiles
 v - 27 boomerangs (quivered)
 E - 3 silver javelins
 V - a throwing net
Armour
 b - a +0 pair of boots of flying (worn)
   (You found it on level 4 of the Lair of Beasts)
 k - the +0 mask of the Dragon (worn) {Will+ Slay+3 SInv}
   (Okawaru gifted it to you on level 1 of the Vaults)

   Slay:      It affects your accuracy & damage with ranged weapons and melee
   (+3).
   SInv:      It lets you see invisible.
   Will:      It increases your willpower.
 H - a +2 cloak of fire resistance (worn)
   (You found it in a volcano)
 J - a +1 kite shield of positive energy (worn)
   (You took it off a naga warrior on level 3 of the Snake Pit)
 M - the quicksilver dragon scales of Death's Door {Contam rElec Will+ Regen+ SInv}
   (Okawaru gifted it to you on level 12 of the Dungeon)

   rElec:     It insulates you from electricity.
   SInv:      It lets you see invisible.
   Contam:    It causes magical contamination when unequipped.
   Regen:     It increases your rate of health regeneration.
   Will:      It increases your willpower.
 R - the +0 pair of gloves "Lothaff" (worn) {rF+ Int+6 Slay+2}
   (You acquired it on level 2 of the Orcish Mines)

   Int:       It affects your intelligence (+6).
   Slay:      It affects your accuracy & damage with ranged weapons and melee
   (+2).
   rF:        It protects you from fire.
 X - +7 gold dragon scales (worn)
   (You found it on level 5 of the Vaults)
Jewellery
 i - a ring of see invisible
   (You found it on level 15 of the Dungeon)
 m - a ring of willpower (right hand)
   (You bought it in a shop on level 4 of the Snake Pit)
 o - a ring of poison resistance
   (You found it on level 5 of the Lair of Beasts)
 p - a +4 ring of protection (left hand)
   (You found it on level 3 of the Dungeon)
 u - an amulet of regeneration (around neck)
   (You found it on level 2 of the Dungeon)
 W - an amulet of magic regeneration
   (You found it on level 4 of the Vaults)
 Z - the ring "Reig" {rF++ Dex+6}
   (You found it on level 4 of the Shoals)

   [ring of dexterity]

   Dex:       It affects your dexterity (+6).
   rF:        It greatly protects you from fire.
Wands
 g - a wand of digging (7)
   (You found it on level 9 of the Dungeon)
 B - a wand of iceblast (29)
   (You found it on level 9 of the Dungeon)
 D - a wand of mindburst (24)
   (You found it on level 1 of the Lair of Beasts)
 G - a wand of quicksilver (8)
   (You found it on level 3 of the Snake Pit)
Scrolls
 a - 6 scrolls of immolation
 c - 4 scrolls of silence
 j - 7 scrolls of vulnerability
 r - 13 scrolls of identify
 t - 2 scrolls of teleportation
 z - 8 scrolls of blinking
 I - 8 scrolls of fear
 L - 2 scrolls of enchant weapon
 P - a scroll of brand weapon
 T - 3 scrolls of fog
Potions
 d - 11 potions of might
 e - 6 potions of berserk rage
 f - 9 potions of mutation
 h - 6 potions of haste
 n - 3 potions of resistance
 q - 21 potions of curing
 s - a potion of ambrosia {unknown}
 w - 5 potions of heal wounds
 x - 3 potions of invisibility
 A - 9 potions of lignification
 K - a potion of cancellation {unknown}
 Y - 5 potions of magic
Miscellaneous
 C - a tin of tremorstones (2/2)
   (You found it on level 5 of the Vaults)
 F - a condenser vane
   (You found it on level 2 of the Vaults)
 N - a piece from Xom's chessboard (15/15)
   (You found it on level 5 of the Lair of Beasts)


   Skills:
 + Level 23.0(27) Fighting
 - Level 18.0(23.0) Axes
 + Level 20.9(25.9) Armour
 - Level 16.1(21.1) Dodging
 + Level 17.2(22.2) Shields
 - Level 11.0 Invocations
 - Level 8.0 Evocations


You had 19 spell levels left.
You didn't know any spells.
Your spell library was empty.

Dungeon Overview and Level Annotations

Branches:
Dungeon (15/15)            Temple (1/1) D:7            Lair (5/5) D:8
 Shoals (4/4) Lair:2        Snake (4/4) Lair:2        Slime (0/5) Lair:5
    Orc (2/2) D:10            Elf (0/3) Orc:2        Vaults (5/5) D:14
 Depths (4/4) D:15            Zot (1/5) Depths:4      IceCv (visited)
Volcano (visited)
  Crypt: Vaults:2-3

Altars:
Ashenzari
Cheibriados
Dithmenos
Elyvilon
Fedhas
Gozag
Hepliaklqana
Kikubaaqudgha
Makhleb
Nemelex Xobeh
Okawaru
Qazlal
Ru
Sif Muna
Trog
Uskayaw
Vehumet
Wu Jian
Xom
Yredelemnul
Zin
The Shining One
Jiyva

Shops:
D:4 (   D:8 :   Orc:2 :(*[**   Shoals:2 ?   Snake:4 [=[=

Portals:
Hell: Depths:1 Depths:3
Abyss: Depths:2
Pandemonium: Depths:2
Ziggurat: Depths:2

Annotations:
D:3 2 runed translucent doors, Grimalkyne's ghost, amateur GrEE
Lair:2 1 runed translucent door, mainiacjoe's ghost, journeyman SpEE
Lair:5 1 runed translucent door
Shoals:4 exclusion: oklob plant
Depths:4 Parghit


Innate Abilities, Weirdness & Mutations

You have a pair of horns on your head.
You reflexively headbutt those who attack you in melee.
You have large cloven feet.
Your body sometimes deteriorates upon taking damage.
You are robust. (+10% HP)
You expend magic power (3 MP) to strengthen your wands.


Message History

You hit the tentacled monstrosity.
The tentacled monstrosity is moderately wounded.
You slash the electric golem! The electric golem hits you!
The electric golem shocks you! You block the electric golem's attack.
The electric golem hits you but does no damage.
You block the electric golem's attack.
The tentacled monstrosity tentacle-slaps you but does no damage.
The tentacled monstrosity barely misses you.
The tentacled monstrosity tentacle-slaps you but does no damage.
The tentacled monstrosity constricts you.
The electric golem hurls lightning at you.
The bolt of lightning misses you.
You are too injured to fight recklessly!
You are too injured to fight recklessly!
You are too injured to fight recklessly!
You are too injured to fight recklessly!
You are too injured to fight recklessly!
You are too injured to fight recklessly!
You are too injured to fight recklessly!
You are too injured to fight recklessly!
You are too injured to fight recklessly!
You are too injured to fight recklessly!
You are too injured to fight recklessly!
You are too injured to fight recklessly!
You gain the combat prowess of a mighty hero.
You block the tentacled monstrosity's attack.
The tentacled monstrosity tentacle-slaps you!
* * * LOW HITPOINT WARNING * * *
The tentacled monstrosity tentacle-slaps you but does no damage.
The tentacled monstrosity constricts you.
* * * LOW HITPOINT WARNING * * *
The electric golem barely misses you. The electric golem closely misses you.
The electric golem hits you but does no damage.
You block the electric golem's attack.
The tentacled monstrosity tentacle-slaps you but does no damage.
You block the tentacled monstrosity's attack.
The tentacled monstrosity tentacle-slaps you.
* * * LOW HITPOINT WARNING * * *
The tentacled monstrosity constricts you.
You can now deal lightning-fast blows.
You block the electric golem's attack. x2
The electric golem hits you but does no damage.
The electric golem misses you.
The tentacled monstrosity tentacle-slaps you but does no damage.
You block the tentacled monstrosity's attack.
The tentacled monstrosity closely misses you.
The tentacled monstrosity constricts you.
* * * LOW HITPOINT WARNING * * *
The electric golem hits you but does no damage. x4
You slash the tentacled monstrosity!
The tentacled monstrosity is heavily wounded.
You slash the electric golem!
You block the tentacled monstrosity's attack.
The tentacled monstrosity tentacle-slaps you.
* * * LOW HITPOINT WARNING * * *
The tentacled monstrosity tentacle-slaps you but does no damage.
The tentacled monstrosity constricts you.
The electric golem crackles and sizzles.
The electric golem hits you.
* * * LOW HITPOINT WARNING * * *
The electric golem shocks you!!
* * * LOW HITPOINT WARNING * * *
You block the electric golem's attack. x2
The electric golem closely misses you.
You slice the tentacled monstrosity!! You headbutt the tentacled monstrosity!
The tentacled monstrosity is severely wounded.
You slash the electric golem! You hit the tentacled monstrosity.
You headbutt the tentacled monstrosity, but do no damage.
The tentacled monstrosity is severely wounded.
You barely miss the electric golem. You block the electric golem's attack.
The electric golem misses you. You block the electric golem's attack.
The electric golem hits you but does no damage.
You block the tentacled monstrosity's attack.
The tentacled monstrosity barely misses you.
The tentacled monstrosity tentacle-slaps you but does no damage.
The tentacled monstrosity constricts you.
* * * LOW HITPOINT WARNING * * *
You slice the tentacled monstrosity!!
The tentacled monstrosity is severely wounded.
You barely miss the electric golem. You closely miss the electric golem.
Your headbutt misses the electric golem.
The electric golem is heavily damaged.
You barely miss the tentacled monstrosity.
The electric golem hits you but does no damage. x2
The electric golem barely misses you. x2
You block the tentacled monstrosity's attack.
The tentacled monstrosity tentacle-slaps you but does no damage.
You block the tentacled monstrosity's attack.
The tentacled monstrosity constricts you.
You slash the electric golem!
The electric golem is severely damaged.
You slash the tentacled monstrosity! You slice the tentacled monstrosity!!
You headbutt the tentacled monstrosity.
The tentacled monstrosity is almost dead.
You barely miss the electric golem.
The electric golem hurls lightning at you.
The bolt of lightning hits you!!!
You die...

,,,,,**,,**,,,**,,*##........#*
,*,*,+,,,,*##+**,,##.........#
,***,**,,,##.,,,,##......#.###
***,,***,##...,*,#....####...#
,,***,,*+#....##*#...###.....#
,,,*,,,,,##.....*#.....#....##
,,,,,,*,,.......##..........#
,,**>***,,###..X.#.#.....∩###
,,,***,*,,#.....@9.###...## ***
,,,,,*,,,#..###.....#.....#****,*
*,,,,***,*,*#............##,,,**,
**,,,,,,⌠,,#.....#..###.##,,,,,**
**,,,,,***......⌠####,##*,,,,,,,*
,***,,,,,###..####**,,,*,,,,,,,,,
,* *,,,,,,,###*,,,+,,,,*,,,,,,,,,
** ***,,,,,**,,,,,**,,,*,,,,,,,,,
***,,,,*,,,*****,***,,,,,,,*


You could see an electric golem and a tentacled monstrosity (berserk).

Vanquished Creatures
  Mennas (Depths:4)
  2 juggernauts (Depths:4)
  Saint Roka (Snake:4)
  Bai Suzhen (Depths:2)
  Nikola (Shoals:3)
  A caustic shrike (Depths:3)
  5 golden dragons
  Jorgrun (D:12)
  3 tentacled monstrosities
  Mlioglotl (Snake:4)
  2 liches
  Polyphemus (Shoals:2)
  4 tengu reavers
  3 sphinxes (Vaults:5)
  3 shadow dragons
  Kirke (D:13)
  2 storm dragons (Vaults:5)
  A draconian monk (Depths:4)
  9 nagarajas
  A draconian knight (Depths:4)
  4 fire giants
  An orc warlord (Orc:2)
  8 vault wardens
  Louise (D:15)
  3 frost giants
  3 spectral caustic shrikes (Depths:1)
  A cacodemon (Depths:2)
  A quicksilver ooze (IceCv)
  4 ironbound preservers
  3 war gargoyles
  A spriggan defender (Depths:3)
  11 very ugly things
  7 stone giants
  A green draconian (Depths:4)
  2 spark wasps (Depths:1)
  2 purple draconians (Depths:4)
  2 yellow draconians (Depths:4)
  An entropy weaver (Vaults:4)
  A red draconian (Depths:4)
  7 ettins
  6 merfolk impalers
  3 merfolk javelineers (Shoals:4)
  2 deep elf high priests (Vaults:5)
  Josephine (D:12)
  4 fire dragons
  4 yaktaur captains
  3 ice dragons
  A peacekeeper (Vaults:3)
  2 great orbs of eyes (Vaults:2)
  A jorogumo (shapeshifter) (Vaults:5)
  4 boulder beetles
  4 salamander tyrants (Snake:4)
  25 vault guards (Vaults:5)
  2 rakshasas
  8 hydras
  3 merfolk avatars
  2 ogre magi
  6 anacondas
  4 ironbound frosthearts
  2 spriggan air magi
  Erolcha (D:11)
  3 catoblepae
  A death knight (D:15)
  10 naga warriors
  6 centaur warriors
  2 alligator snapping turtles
  2 merfolk aquamancers (Shoals:4)
  A two-headed ogre (shapeshifter) (Vaults:5)
  2 tengu warriors
  7 death yaks
  4 deep troll shamans
  13 two-headed ogres
  2 satyrs (Shoals:4)
  21 naga sharpshooters
  3 deep troll earth magi
  A vampire mage (Depths:1)
  2 spriggan berserkers
  5 hell knights
  7 orc high priests
  2 spriggans (Depths:4)
  Sonja (D:11)
  4 shock serpents
  Nergalle (D:12)
  2 salamander mystics
  3 iron trolls
  7 skeletal warriors (D:15)
  3 sixfirhies
  Lodul (D:13)
  7 sea snakes
  5 naga ritualists
  A swamp dragon (shapeshifter) (Vaults:5)
  21 deep trolls
  Pikel (D:6)
  2 deep elf pyromancers
  17 harpies
  6 phantasmal warriors
  4 ironbound convokers
  2 orc knights
  4 wizards
  5 necromancers
  10 mana vipers
  An oklob plant (Shoals:4)
  14 fauns
  A shining eye (shapeshifter) (Vaults:5)
  12 ugly things
  9 manticores
  18 slime creatures
  17 salamanders
  3 orc sorcerers
  4 elephants (Lair:5)
  9 cyclopes
  4 guardian serpents
  4 moths of wrath (Zot:1)
  2 merfolk sirens
  33 black mambas
  3 water nymphs
  7 vault sentinels
  13 naga magi
  Maurice (D:13)
  7 cane toads
  2 gargoyles
  8 unseen horrors
  An efreet (D:14)
  11 yaktaurs
  2 freezing wraiths
  5 rime drakes
  A hellwing (Depths:2)
  10 komodo dragons
  2 tengu conjurers
  15 trolls
  A red devil (Depths:2)
  23 merfolk
  5 polar bears
  14 blink frogs
  6 meliai
  13 snapping turtles
  A hornet (shapeshifter) (D:15)
  5 wind drakes
  3 hornets
  A dream sheep (shapeshifter) (Vaults:5)
  10 wyverns
  A shadow (D:9)
  35 yaks
  A vampire (D:14)
  13 water elementals
  7 wraiths
  Eustachio (D:5)
  7 hogs (D:13)
  A hog (shapeshifter) (Vaults:5)
  4 large abominations (Depths:2)
  A basilisk (shapeshifter) (D:13)
  2 basilisks
  A fire bat (Volcano)
  2 steam dragons
  2 chaos spawn (Depths:2)
  10 vampire mosquitoes
  Menkaure (D:5)
  40 nagas
  2 two-headed ogre zombies (D:10)
  6 wargs
  2 hell hounds (Volcano)
  3 acid dragons
  14 water moccasins
  Duvessa (D:5)
  33 orc warriors
  2 ice beasts (D:7)
  A great orb of eyes simulacrum (IceCv)
  3 black bears
  3 sky beasts (D:7)
  19 wolves
  3 small abominations (Depths:2)
  17 ogres
  7 centaurs
  A phantom (D:10)
  A kobold brigand (D:9)
  Blork the orc (D:6)
  10 bullfrogs
  A necrophage (D:4)
  3 scorpions (D:5)
  13 wights
  A troll zombie (D:10)
  Dowan (D:5)
  11 killer bees
  An electric eel (Lair:2)
  14 howler monkeys
  5 crimson imps
  13 orc priests
  Crazy Yiuf (D:6)
  8 hounds
  Terence (D:3)
  4 iguanas
  16 orc wizards
  5 ogre zombies (D:10)
  A gnoll (D:5)
  3 adders
  A shadow imp (D:8)
  A white imp (D:6)
  A worm (D:5)
  2 dart slugs
  49 orcs
  6 ball pythons
  9 endoplasms
  3 giant cockroaches
  6 goblins
  9 hobgoblins
  11 kobolds
  5 quokkas (D:1)
  5 bats
  3 frilled lizards
  5 goblin skeletons (D:10)
  4 hobgoblin skeletons (D:10)
  A hobgoblin zombie (D:10)
  4 orc skeletons (D:10)
  11 orc zombies (D:10)
  6 rats
  A fungus (Orc:2)
1201 creatures vanquished.

Vanquished Creatures (others)
  An ice dragon (Depths:4)
  An ogre mage (D:15)
  4 fauns (Shoals:3)
  A merfolk (Shoals:3)
  A centaur (Volcano)
  An orc priest (Orc:1)
  19 fungi
  203 plants
231 creatures vanquished.

Grand Total: 1432 creatures vanquished

Notes
Turn   | Place    | Note
-------+----------+-------------------------------------------
     0 | D:1      | Flugkiller the Minotaur Fighter began the quest for the
                  | Orb.
     0 | D:1      | Reached XP level 1. HP: 19/19 MP: 0/0
   283 | D:1      | Reached XP level 2. HP: 27/27 MP: 1/1
   535 | D:1      | Reached skill level 4 in Fighting
   559 | D:1      | Reached XP level 3. HP: 21/33 MP: 2/2
  1676 | D:3      | Noticed Terence
  1683 | D:3      | Killed Terence
  1684 | D:3      | Reached XP level 4. HP: 41/41 MP: 3/3
  1927 | D:3      | Found a large runed translucent door.
  1928 | D:3      | Found a large runed translucent door.
  1932 | D:3      | Noticed Grimalkyne's ghost (amateur GrEE)
  2328 | D:3      | Reached XP level 5. HP: 47/47 MP: 4/4
  2591 | D:4      | Found Bankuf's Firing Range.
  2658 | D:4      | Reached skill level 5 in Axes
  2758 | D:4      | Reached skill level 5 in Armour
  2768 | D:4      | Noticed a black bear
  2775 | D:4      | Killed a black bear
  2776 | D:4      | Reached skill level 5 in Fighting
  2776 | D:4      | Reached XP level 6. HP: 56/56 MP: 5/5
  2839 | D:4      | Noticed a water moccasin
  2850 | D:4      | Killed a water moccasin
  3169 | D:4      | Reached XP level 7. HP: 62/62 MP: 6/6
  3218 | D:5      | Entered Level 5 of the Dungeon
  3264 | D:5      | Noticed Menkaure
  3268 | D:5      | Killed Menkaure
  3274 | D:5      | Reached skill level 6 in Fighting
  3423 | D:5      | Reached XP level 8. HP: 65/71 MP: 7/7
  3465 | D:5      | Found a bloodstained altar of Trog.
  3489 | D:5      | Reached skill level 7 in Fighting
  3524 | D:5      | Noticed Eustachio
  3536 | D:5      | Killed Eustachio
  3670 | D:5      | Noticed Dowan
  3672 | D:5      | Noticed Duvessa
  3679 | D:5      | Killed Duvessa
  3681 | D:5      | Killed Dowan
  4345 | D:6      | Reached skill level 10 in Axes
  4395 | D:6      | Noticed Pikel
  4408 | D:6      | Killed Pikel
  4409 | D:6      | Reached skill level 8 in Fighting
  4409 | D:6      | Reached XP level 9. HP: 73/81 MP: 8/8
  4674 | D:6      | Found an ornate altar of the Wu Jian Council.
  4712 | D:6      | Found a glowing golden altar of the Shining One.
  4867 | D:6      | Noticed Blork the orc
  4876 | D:6      | Killed Blork the orc
  4993 | D:6      | Found a runed translucent door.
  4994 | D:6      | Noticed Crazy Yiuf
  5001 | D:6      | Killed Crazy Yiuf
  5191 | D:7      | Found a sacrificial altar of Ru.
  5465 | D:7      | Found a staircase to the Ecumenical Temple.
  5493 | Temple   | Entered the Ecumenical Temple
  5561 | Temple   | Became a worshipper of Warmaster Okawaru
  5695 | D:7      | Reached skill level 1 in Invocations
  5797 | D:7      | Found a burning altar of Makhleb.
  5919 | D:7      | Reached skill level 9 in Fighting
  6149 | D:8      | Reached * piety under Okawaru
  6251 | D:8      | Found a staircase to the Lair.
  6262 | D:8      | Reached XP level 10. HP: 77/91 MP: 10/10
  6303 | D:8      | Found a broken altar of Ashenzari.
  6490 | D:8      | Found a basalt altar of Yredelemnul.
  6761 | D:8      | Found a sparkling altar of Nemelex Xobeh.
  6777 | D:8      | Found Liskothra's Book Shoppe.
  6793 | D:9      | Found a hide-covered altar of Uskayaw.
  6858 | D:9      | Reached ** piety under Okawaru
  7196 | D:9      | Found a radiant altar of Vehumet.
  7563 | D:10     | Entered Level 10 of the Dungeon
  7578 | D:10     | Reached skill level 10 in Armour
  7582 | D:10     | Reached skill level 10 in Fighting
  7779 | D:10     | Found a runed translucent door.
  7808 | D:10     | Noticed a sixfirhy
  7847 | D:10     | Reached *** piety under Okawaru
  7878 | D:10     | Killed a sixfirhy
  8111 | D:10     | Found a staircase to the Orcish Mines.
  8117 | D:10     | Reached XP level 11. HP: 69/101 MP: 13/13
  8243 | D:10     | Reached **** piety under Okawaru
  8719 | D:11     | Reached skill level 5 in Invocations
  9039 | D:11     | Noticed Sonja
  9045 | D:11     | Killed Sonja
  9113 | D:11     | Reached skill level 11 in Fighting
  9134 | D:11     | Noticed a seven-headed hydra
  9141 | D:11     | Killed a ten-headed hydra
  9141 | D:11     | Reached ***** piety under Okawaru
  9232 | D:11     | Noticed Erolcha
  9239 | D:11     | Killed Erolcha
  9255 | D:11     | Received a gift from Okawaru
  9936 | D:8      | Identified a scroll of acquirement
  9936 | D:8      | Acquired a +0 kite shield of protection
  9951 | Lair:1   | Entered Level 1 of the Lair of Beasts
  9998 | Lair:1   | Reached skill level 15 in Axes
 10302 | Lair:1   | You fall into a shaft and drop 1 floor!
 10315 | Lair:2   | Found a staircase to the Snake Pit.
 10436 | Lair:2   | Found a staircase to the Shoals.
 10536 | Lair:2   | Reached skill level 5 in Shields
 10700 | Lair:2   | Found a runed translucent door.
 10702 | Lair:2   | Noticed mainiacjoe's ghost (journeyman SpEE)
 10836 | Lair:2   | Reached XP level 12. HP: 110/110 MP: 15/15
 10852 | Lair:2   | Identified the +4 ring mail of the Pink Corner {Str+3}
                  | (Okawaru gifted it to you on level 2 of the Lair of Beasts)
 10852 | Lair:2   | Received a gift from Okawaru
 10860 | Lair:2   | Identified the +1 robe "Vexin" {rN+++ Str+5}
 11615 | Lair:3   | Found a dark tunnel.
 11623 | Volcano  | Entered a volcano
 11738 | Volcano  | Noticed a two-headed ogre
 11744 | Volcano  | Killed a two-headed ogre
 11921 | Lair:3   | Noticed a catoblepas
 11947 | Lair:3   | Killed a catoblepas
 12020 | Lair:3   | Identified the +5 quarterstaff of the Purple Skies
                  | {antimagic, Contam Fly Int+4 Stlth+}
 12039 | Lair:3   | Reached skill level 12 in Fighting
 13153 | Lair:4   | Noticed an eight-headed hydra
 13163 | Lair:4   | Killed an 11-headed hydra
 13178 | Lair:4   | Reached ****** piety under Okawaru
 13197 | Lair:4   | Noticed a five-headed hydra
 13211 | Lair:4   | Killed a 13-headed hydra
 13294 | Lair:4   | Noticed a death yak
 13295 | Lair:4   | Noticed a death yak
 13297 | Lair:4   | Noticed a death yak
 13302 | Lair:4   | Killed a death yak
 13302 | Lair:4   | Received a gift from Okawaru
 13306 | Lair:4   | Killed a death yak
 13307 | Lair:4   | Reached XP level 13. HP: 109/119 MP: 14/17
 13761 | Lair:5   | Entered Level 5 of the Lair of Beasts
 14007 | Lair:5   | Received a gift from Okawaru
 14097 | Lair:5   | Reached skill level 10 in Shields
 14161 | Lair:5   | Reached skill level 13 in Fighting
 14182 | Lair:5   | Received a gift from Okawaru
 14364 | Lair:5   | Found a runed translucent door.
 14364 | Lair:5   | Found a viscous altar of Jiyva.
 14857 | Lair:5   | Found a staircase to the Slime Pits.
 14857 | Lair:5   | Noticed an azure jelly
 14857 | Lair:5   | Noticed an azure jelly
 15086 | D:12     | Identified the quicksilver dragon scales of Death's Door
                  | {Contam rElec Will+ Regen+ SInv} (Okawaru gifted it to you
                  | on level 12 of the Dungeon)
 15086 | D:12     | Received a gift from Okawaru
 15091 | D:12     | Reached XP level 14. HP: 119/129 MP: 19/19
 15184 | D:12     | Found a shimmering altar of Xom.
 15485 | D:12     | Noticed Josephine
 15501 | D:12     | Killed Josephine
 15529 | D:12     | Noticed Jorgrun
 15557 | D:12     | Killed Jorgrun
 15732 | D:12     | Noticed Nergalle
 15740 | D:12     | Killed Nergalle
 16377 | D:13     | Reached skill level 1 in Dodging
 16469 | D:13     | Noticed Maurice
 16470 | D:13     | Noticed Lodul
 16488 | D:13     | Killed Maurice
 16492 | D:13     | Killed Lodul
 16573 | D:13     | Reached skill level 14 in Fighting
 16695 | D:13     | Noticed Kirke
 16815 | D:13     | Killed Kirke
 16962 | D:14     | Received a gift from Okawaru
 17507 | D:14     | Found a gate to the Vaults.
 17515 | D:14     | Reached skill level 10 in Invocations
 17731 | D:15     | Entered Level 15 of the Dungeon
 17809 | D:15     | Reached skill level 5 in Dodging
 17811 | D:15     | Received a gift from Okawaru
 17864 | D:15     | Reached XP level 15. HP: 117/139 MP: 21/21
 18020 | D:15     | Reached skill level 15 in Fighting
 18040 | D:15     | Received a gift from Okawaru
 18064 | D:15     | Noticed Louise
 18087 | D:15     | Killed Louise
 18752 | D:15     | Found a staircase to the Depths.
 19028 | Orc:1    | Entered Level 1 of the Orcish Mines
 19355 | Orc:2    | Entered Level 2 of the Orcish Mines
 19533 | Orc:2    | Found Ummiv's General Store.
 19541 | Orc:2    | Received a gift from Okawaru
 19673 | Orc:2    | Found a staircase to the Elven Halls.
 19675 | Orc:2    | Found Jeippo's Book Emporium.
 19784 | Orc:2    | Found Saqeixie's Antique Weapon Shop.
 19807 | Orc:2    | Noticed an orc warlord
 19808 | Orc:2    | Found Hoxkicar's Antique Armour Emporium.
 19846 | Orc:2    | Killed an orc warlord
 19899 | Orc:2    | Bought an emerald-encrusted plate armour for 924 gold
                  | pieces
 19899 | Orc:2    | Identified the +7 plate armour of Miracles {Str+3} (You
                  | bought it in a shop on level 2 of the Orcish Mines)
 19919 | Orc:2    | Found Mokiuf's General Store.
 19945 | Orc:2    | Gained mutation: You are occasionally teleported next to
                  | monsters. [mutagenic glow]
 20003 | Orc:2    | Lost mutation: You are occasionally teleported next to
                  | monsters. [potion of mutation]
 20003 | Orc:2    | Gained mutation: You expend magic power (3 MP) to
                  | strengthen your wands. [potion of mutation]
 20003 | Orc:2    | Gained mutation: You have large cloven feet. [potion of
                  | mutation]
 20003 | Orc:2    | Gained mutation: You are robust. (+10% HP) [potion of
                  | mutation]
 20024 | Orc:2    | Found Tahyrrei's Specific Store.
 20034 | Orc:2    | Bought a potion of heal wounds for 85 gold pieces
 20034 | Orc:2    | Bought a scroll of enchant armour for 127 gold pieces
 20034 | Orc:2    | Bought a scroll of fog for 68 gold pieces
 20332 | Orc:2    | Acquired the +14 obsidian axe {vorpal, Mesm Drain Fly SInv}
 20332 | Orc:2    | Found the +14 obsidian axe {vorpal, Mesm Drain Fly SInv}
 20334 | Orc:2    | Acquired 1284 gold pieces
 20336 | Orc:2    | Acquired the +0 pair of gloves "Lothaff" {rF+ Int+6 Slay+2}
 20563 | Snake:1  | Entered Level 1 of the Snake Pit
 20664 | Snake:1  | Reached skill level 16 in Fighting
 20757 | Snake:1  | Identified the +0 plate armour of Misanthropy {Int+3 Dex+2}
                  | (Okawaru gifted it to you on level 1 of the Snake Pit)
 20757 | Snake:1  | Received a gift from Okawaru
 21449 | Snake:2  | Noticed a nagaraja
 21456 | Snake:2  | Killed a nagaraja
 21518 | Snake:2  | Reached skill level 15 in Shields
 21711 | Snake:2  | Reached XP level 16. HP: 163/167 MP: 23/23
 21969 | Snake:3  | Found a flickering gateway to a bazaar.
 21978 | Snake:3  | Reached skill level 17 in Fighting
 22015 | Bazaar   | Entered a bazaar
 22076 | Bazaar   | Found Terphior's Magic Scroll Shoppe.
 22076 | Bazaar   | Found Hoteg's Weapon Emporium.
 22087 | Bazaar   | Bought a scroll of fear for 60 gold pieces
 22087 | Bazaar   | Bought a scroll of fear for 60 gold pieces
 22098 | Bazaar   | Found Xivyr's General Store.
 22098 | Bazaar   | Found Wypuanin's Armour Emporium.
 22120 | Bazaar   | Found Rehiagolal's Antique Weapon Shoppe.
 22218 | Snake:3  | Reached skill level 10 in Dodging
 22262 | Snake:3  | Found a frozen archway.
 22302 | Snake:3  | Received a gift from Okawaru
 22306 | IceCv    | Entered an ice cave
 22499 | Snake:3  | Identified the +6 ring mail "Xykloifa" {Int+10 Dex+4}
                  | (Okawaru gifted it to you on level 3 of the Snake Pit)
 22499 | Snake:3  | Received a gift from Okawaru
 23307 | Snake:4  | Entered Level 4 of the Snake Pit
 23307 | Snake:4  | Found Xehekk's Jewellery Boutique.
 23312 | Snake:4  | Noticed Saint Roka
 23329 | Snake:4  | Killed Saint Roka
 23330 | Snake:4  | Reached skill level 18 in Fighting
 23512 | Snake:4  | Reached skill level 15 in Armour
 23513 | Snake:4  | Identified the +1 buckler of Okawaru's Generosity {-Tele
                  | rF+ rC++} (Okawaru gifted it to you on level 4 of the Snake
                  | Pit)
 23513 | Snake:4  | Received a gift from Okawaru
 23674 | Snake:4  | Found Leukhi's Armour Boutique.
 23674 | Snake:4  | Found Qitaorof's Jewellery Shop.
 23679 | Snake:4  | Found Mohetu's Armour Shop.
 23731 | Snake:4  | Noticed Mlioglotl
 23743 | Snake:4  | Killed Mlioglotl
 23748 | Snake:4  | Reached XP level 17. HP: 162/182 MP: 16/24
 24282 | Snake:4  | Got a serpentine rune of Zot
 24449 | Snake:4  | Identified the +2 broad axe of Starshine {vamp, Dex+3}
                  | (Okawaru gifted it to you on level 4 of the Snake Pit)
 24449 | Snake:4  | Received a gift from Okawaru
 24555 | Shoals:1 | Entered Level 1 of the Shoals
 24774 | Shoals:1 | Reached skill level 19 in Fighting
 24941 | Shoals:2 | Found Royfi's Magic Scroll Boutique.
 24944 | Shoals:2 | Identified the +5 ring mail "Ganaivimp" {rN+}
 25167 | Shoals:2 | Noticed Polyphemus
 25183 | Shoals:2 | Killed Polyphemus
 25271 | Shoals:3 | Noticed Nikola
 25307 | Shoals:3 | Killed Nikola
 25307 | Shoals:3 | Received a gift from Okawaru
 25490 | Shoals:4 | Entered Level 4 of the Shoals
 25807 | Shoals:4 | Identified the +8 chain mail "Qurhat" {Rampage Will+++
                  | Int-2 Dex-5}
 25891 | Shoals:4 | Identified the ring "Reig" {rF++ Dex+6}
 26005 | Shoals:4 | Identified the +1 buckler of Fedhas's Respect {Fly Dex+3}
 26092 | Shoals:4 | Reached XP level 18. HP: 195/195 MP: 25/25
 26125 | Shoals:4 | Reached skill level 20 in Fighting
 26519 | Shoals:4 | Got a barnacled rune of Zot
 27064 | Vaults:1 | Entered Level 1 of the Vaults
 27391 | Snake:4  | Bought a ring of willpower for 450 gold pieces
 27753 | Vaults:1 | Received a gift from Okawaru
 27753 | Vaults:1 | Found the +0 mask of the Dragon {Will+ Slay+3 SInv}
 27774 | Vaults:1 | Found the +3 hat of Pondering {ponderous, Will+ MP+10
                  | Int+5}
 28205 | Vaults:3 | Reached skill level 1 in Evocations
 28426 | Vaults:4 | Reached skill level 5 in Evocations
 28654 | Vaults:4 | Identified the +1 cloak of Egronew {rCorr} (Okawaru gifted
                  | it to you on level 4 of the Vaults)
 28654 | Vaults:4 | Received a gift from Okawaru
 28831 | Vaults:5 | Entered Level 5 of the Vaults
 28844 | Vaults:5 | Noticed a golden dragon
 28849 | Vaults:5 | Noticed a tentacled monstrosity
 28871 | Vaults:5 | Noticed a golden dragon
 28874 | Vaults:5 | Killed a golden dragon
 28877 | Vaults:5 | Noticed a golden dragon
 28880 | Vaults:5 | Killed a tentacled monstrosity
 28881 | Vaults:5 | Reached skill level 15 in Dodging
 28897 | Vaults:5 | Killed a golden dragon
 28898 | Vaults:5 | Reached XP level 19. HP: 205/205 MP: 16/26
 28904 | Vaults:5 | Killed a golden dragon
 28992 | Vaults:5 | Identified the +0 robe of Xafir {rC+}
 29006 | Vaults:5 | Reached skill level 21 in Fighting
 29019 | Vaults:5 | Identified the +0 chain mail of Agoraphobia {rPois rC+
                  | Stlth+}
 29027 | Vaults:5 | Noticed a golden dragon
 29046 | Vaults:5 | Killed a golden dragon
 29336 | Vaults:5 | Received a gift from Okawaru
 29502 | Vaults:5 | Identified the +6 giant club of Upni {drain, rN+ Int-5
                  | SInv}
 29643 | Vaults:5 | Identified the +1 chain mail "Sanu Sevo" {-Tele rPois rF+}
 29658 | Vaults:5 | Got a silver rune of Zot
 29961 | Depths:1 | Entered Level 1 of the Depths
 30187 | Depths:1 | Found a gateway to Hell.
 30369 | Depths:1 | You are sucked into a shaft and drop 1 floor!
 30467 | Depths:2 | Gained mutation: Your body sometimes deteriorates upon
                  | taking damage. [a cacodemon]
 30486 | Depths:2 | Found a one-way gate leading to the halls of Pandemonium.
 30594 | Depths:2 | Noticed Bai Suzhen
 30610 | Depths:2 | Killed Bai Suzhen
 30988 | Depths:1 | Identified the +0 kite shield of Starshine {rC+} (Okawaru
                  | gifted it to you on level 1 of the Depths)
 30988 | Depths:1 | Received a gift from Okawaru
 31245 | Depths:2 | Found a one-way gateway to a ziggurat.
 31256 | Depths:2 | Reached skill level 22 in Fighting
 31345 | Depths:2 | Found a one-way gate to the infinite horrors of the Abyss.
 31486 | Depths:3 | Reached XP level 20. HP: 197/220 MP: 27/27
 32518 | Depths:3 | Noticed a caustic shrike
 32533 | Depths:3 | Killed a caustic shrike
 32902 | Depths:4 | Entered Level 4 of the Depths
 32904 | Depths:4 | Noticed a juggernaut
 32910 | Depths:4 | Noticed Parghit
 32927 | Depths:4 | Killed a juggernaut
 32934 | Depths:4 | Noticed Mennas
 32943 | Depths:4 | Noticed a golden dragon
 33045 | Depths:4 | Found a white marble altar of Elyvilon.
 33108 | Depths:4 | Killed Mennas
 33124 | Depths:4 | Killed a golden dragon
 33173 | Depths:4 | Noticed a juggernaut
 33207 | Depths:4 | Killed a juggernaut
 33247 | Depths:4 | Found a gate to the Realm of Zot.
 33279 | Depths:4 | Received a gift from Okawaru
 33310 | Zot:1    | Entered Level 1 of the Realm of Zot
 33345 | Zot:1    | Reached skill level 23 in Fighting
 33362 | Zot:1    | Killed from afar by an electric golem

Illustrated notes

Levels and vault maps discovered:
D:1:      dpeg_arrival_circle_labyrinth_a, layout_basic, minmay_vboxes
D:2:      layout_rooms
D:3:      layout_basic, ebering_ghost_disaster_area, uniq_terence
D:4:      layout_basic, nicolae_shop_firing_range
D:5:      layout_basic, trog_ov_bears_minmay, cheibrodos_gnoll_hut,
          uniq_menkaure, uniq_eustachio, uniq_duvessa
D:6:      layout_basic, mainiacjoe_overflow_catwalk_spiral, uniq_blork_the_orc,
          uniq_crazy_yiuf_cottage, uniq_pikel
D:7:      layout_loops_corners, nicolae_ru_sacrificial_ziggurat,
          makhleb_grotto_becter, minmay_temple_entry_nine_rooms
D:8:      layout_cave_pods, lemuel_tele_altar,
          mainiacjoe_overflow_surrounded_room, general_overflow_altar,
          erik_lair_orcish_takeover, serial_shops, nicolae_shop_window_shopping,
          st_stairs_14
D:9:      layout_loops_ring, mainiacjoe_overflow_small_starburst,
          mainiacjoe_overflow_24_doors, hangedman_abyss_or_decor_stagger
D:10:     cheibrodos_shockbox, layout_loops_corners, zombieorc2_lemuel,
          minmay_misc_feat_alley
D:11:     layout_stronghold, uniq_sonja, uniq_erolcha
D:12:     layout_layer_cave, serial_glass, glass_columns_b, glass_columns_b,
          glass_columns_a, glass_columns_c, led_xom_imps, uniq_jorgrun,
          uniq_josephine, uniq_nergalle
D:13:     layout_small_grid, minmay_misc_feat_iff, uniq_maurice, uniq_kirke,
          uniq_lodul
D:14:     layout_roguey, david_vaults_1, nrook_campfire
D:15:     grunt_enter_depths_hoard, layout_basic, uniq_louise
Temple:   nicolae_temple_hex_pool
Lair:1:   layout_chaotic_city, grunt_megastairs_4
Lair:2:   layout_long_grid, minmay_shoals_entry_hut,
          guppyfry_snake_entry_garden, ebering_ghost_inner_flame
Lair:3:   layout_hall_layers, enter_volcano_2
Lair:4:   layout_cave_pods, grunt_megastairs_3
Lair:5:   gammafunk_lair_ancient_temple, layout_big_grid, slime_entry_2
Shoals:1: layout_shoals
Shoals:2: layout_shoals, serial_shops, shop, uniq_donald, uniq_polyphemus
Shoals:3: cheibrodos_shoals_satyrical_garden, layout_shoals, uniq_nikola
Shoals:4: shoals_end_grunt_garden, layout_shoals, nicolae_shoals_this_corrosion
Snake:1:  layout_basic
Snake:2:  layout_rooms
Snake:3:  layout_cave_town, serial_shops, bzr_entry_islet,
          portal_ice_cave_entry_pillars_1, grunt_ministairs_11, st_stairs_9,
          nicolae_coiled_stairwell_up
Snake:4:  minmay_snake_end_coiled, layout_cave_shapes, minmay_shoptagon,
          uniq_saint_roka, uniq_mlioglotl
Orc:1:    layout_diamond_mine, serial_shops, nicolae_shop_behind_doors,
          uniq_snorg
Orc:2:    grunt_orc_gardens, layout_caves, grunt_orc_garden, grunt_orc_garden,
          grunt_orc_garden, grunt_orc_garden, hellmonk_bongcloud_opening,
          nicolae_specific_store
Vaults:1: nicolae_vaults_big_ls, nicolae_vaults_little_squares_2,
          nicolae_vaults_network_periphery, vaults_room_pool,
          vaults_mumra_chevron_long, nicolae_vaults_specimen_jars,
          ontoclasm_vaults_pinch, vaults_dpeg_spiral,
          nicolae_vaults_shelves_hall, ontoclasm_vaults_idyll, v_misc_14,
          st_squares, nicolae_vaults_theta, vaults_room_stairs_pillars,
          vaults_dpeg_ring, layout_vaults_maze_snakey
Vaults:2: grunt_vaults_funnel, v_pattern_5, ontoclasm_vaults_hangar,
          minmay_crypt_entry_necro_gods, hangedman_vaults_maws,
          nicolae_vaults_puzzle_piece, v_misc_4, vaults_mumra_hex,
          dpeg_vaults_waves, ontoclasm_vaults_hangar, nicolae_vaults_little_ls,
          ontoclasm_vaults_shuriken, ontoclasm_vaults_decontamination,
          layout_vaults_ring
Vaults:3: vaults_dpeg_diagonal, vaults_room_corners, v_misc_23,
          nicolae_vaults_yaktaur_gun_rack, vaults_dpeg_cross,
          vaults_room_door_hall, nicolae_vaults_asterisk,
          layout_vaults_quadrants, serial_shops, bzr_entry_water, uniq_asterion,
          uniq_boris
Vaults:4: hangedman_vaults_snaps, nicolae_vaults_little_squares_4,
          vaults_mumra_minichess, nicolae_vaults_hallways_thing,
          nicolae_vaults_little_squares_2, hangedman_vaults_trim,
          vaults_room_stairs_pillars, vaults_room_grid,
          nicolae_vaults_little_squares_2, nicolae_vaults_little_squares_2,
          grunt_vaults_hallway_long, vaults_room_pools, layout_vaults_omnicross
Vaults:5: serial_shops
Depths:1: layout_gridlike, pf_hell_entry_tar_river, serial_corexii_hall,
          chequers_hall_statues_wall_a, chequers_hall_statues_y,
          feat_on_display, firewood_loft, nicolae_triple_integral,
          serial_bayou_shore_b
Depths:2: minmay_tearing_corner, layout_basic, enter_ziggurat_e,
          nicolae_sif_muna_condensation, minmay_room_of_horrors, hell_entry,
          rand_demon_pan_entry_1, nicolae_wooded_promenade,
          infiniplex_staircase_trident, uniq_bai_suzhen
Depths:3: minmay_connected_boxes_in_corner, layout_basic, glass_columns_b,
          hangedman_abyss_entry_splay, grunt_metal_band, grunt_megastairs_1,
          serial_bayou_shore_a, kennysheep_random_hallway
Depths:4: grunt_zot_entry_alcove, layout_cross, pf_coc_iceberg,
          elyvilon_altar_3, uniq_parghit, uniq_mennas
Zot:1:    hangedman_orp_of_zott, layout_twisted_circle

Skill      XL: |  1  2  3  4  5  6  7  8  9 10 11 12 13 14 15 16 17 18 19 20 |
---------------+-------------------------------------------------------------+-----
Axes           | 3 4 5 6 8 10 12 13 15 16 17 18 | 18.0
Fighting       | 4 5 6 8 9 10 11 12 13 14 16 18 19 20 22 23 | 23.0
Armour         | 4 5 6 8 9 10 11 12 13 15 17 18 19 20 | 20.9
Invocations    | 2 4 6 7 8 10 11 | 11.0
Shields        | 5 8 11 13 15 17 | 17.2
Dodging        | 5 9 12 14 15 16 | 16.1
Evocations     | 8 |  8.0

Action                   |  1- 3 |  4- 6 |  7- 9 | 10-12 | 13-15 | 16-18 | 19-21 || total
-------------------------+-------+-------+-------+-------+-------+-------+-------++-------
Melee: War axe           |    99 |   103 |   208 |     6 |       |       |       ||   416
       Headbutt          |    10 |    13 |    50 |   122 |   197 |   350 |   286 ||  1028
       Broad axe         |       |       |       |   537 |   907 |  1148 |   837 ||  3429
Invok: Heroism           |       |       |       |     4 |    25 |    25 |     7 ||    61
       Finesse           |       |       |       |       |     7 |     8 |     5 ||    20
Evoke: Wand              |       |       |       |       |     1 |       |       ||     1
  Use: Scroll            |       |       |     9 |    13 |    14 |     1 |     9 ||    46
       Potion            |       |       |     1 |       |     3 |     5 |     1 ||    10
 Stab: Distracted        |       |       |       |     1 |       |       |       ||     1
       Petrified         |       |       |       |     4 |     2 |       |       ||     6
       Petrifying        |       |       |       |       |     3 |       |     1 ||     4
       Invisible         |       |       |       |       |     7 |       |       ||     7
       Paralysed         |       |       |       |       |       |       |     2 ||     2
Armor: Scale mail        |    33 |       |       |       |       |       |       ||    33
       Storm dragon scal |       |    83 |   126 |   381 |   233 |       |       ||   823
       Quicksilver drago |       |       |       |       |   188 |       |       ||   188
       Plate armour      |       |       |       |       |    44 |   569 |   109 ||   722
       Gold dragon scale |       |       |       |       |       |       |   410 ||   410
Dodge: Dodged            |    52 |    39 |    69 |   181 |   308 |   529 |   338 ||  1516
Block: Buckler           |    20 |    23 |    47 |    65 |       |       |       ||   155
       Kite shield       |       |       |       |   149 |   564 |   861 |   556 ||  2130
